 Dungeon Crawl Stone Soup version 0.30.0-5-g1a98f26d00 (webtiles) character file.

Game seed: 12275129577845949835

44 dialectric the Slasher (level 3, 0/29 HPs)
             Began as a Demonspawn Chaos Knight on May 9, 2023.
             Was a Plaything of Xom.
             Slain by Sigmund
             ... wielding a +0 scythe
              (10 damage)
             ... on level 2 of the Dungeon.
             The game lasted 00:01:12 (1183 turns).

dialectric the Slasher (Demonspawn Chaos Knight)    Turns: 1183, Time: 00:01:13

Health: 0/29       AC:  5    Str: 14    XL:     3   Next: 41%
Magic:  3/3        EV: 11    Int: 16    God:    Xom [..*...]
Gold:   55         SH:  0    Dex: 12    Spells: 2/2 levels left

rFire   . . .        a - +0 falchion (chaos)
rCold   . . .        (no shield)
rNeg    . . .        k - +0 leather armour "Myk Hour" {Int+3 Slay+3 SInv}
rPois   .            (no helmet)
rElec   .            (no cloak)
rCorr   .            (no gloves)
SInv    +            (no boots)
Will    .....        (no amulet)
Stlth   +            (no ring)
HPRegen 0.24/turn    (no ring)
MPRegen 0.08/turn

%: no passive effects
@: confused
A: icy blue scales 1
a: Renounce Religion


You were on level 2 of the Dungeon.
You worshipped Xom.
You were a toy of Xom.
You visited 1 branch of the dungeon, and saw 2 of its levels.

You collected 55 gold pieces.

Inventory:

Hand Weapons
 a - a +0 falchion of chaos (weapon)
 f - a +2 vampiric short sword
Missiles
 i - 6 poisoned darts (quivered)
Armour
 b - a +2 leather armour
 k - the +0 leather armour "Myk Hour" (worn) {Int+3 Slay+3 SInv}
   (You found it on level 2 of the Dungeon)

   Int:       It affects your intelligence (+3).
   Slay:      It affects your accuracy & damage with ranged weapons and melee
   (+3).
   SInv:      It lets you see invisible.
Jewellery
 j - a ring of flight
 m - a +4 ring of protection
Scrolls
 d - a scroll of teleportation {unknown}
 g - 3 scrolls of identify {unknown}
 h - a scroll of fear {unknown}
 l - a scroll of noise {unknown}
 n - a scroll of enchant armour {unknown}
Potions
 e - 2 potions of flight {unknown}
Miscellaneous
 c - a piece from Xom's chessboard (15/15)


   Skills:
 + Level 3.4 Fighting
 + Level 3.5 Long Blades
 + Level 2.0 Armour
 + Level 1.1 Dodging
 + Level 0.3 Stealth


You had 2 spell levels left.
You didn't know any spells.
Your spell library was empty.

Dungeon Overview and Level Annotations

Branches:
Dungeon (2/15)

Altars:
Makhleb

Shops:
D:1 =

Annotations:
D:2 Sigmund


Innate Abilities, Weirdness & Mutations

You are partially covered in icy blue scales. (AC +2)


Message History

Key pressed, stopping explore.
No target in view!
Sigmund the Dreaded comes into view.
He is wielding a +0 scythe.
Sigmund is nearby!
Sigmund is nearby!
Sigmund shouts!
Sigmund hits you but does no damage.
You hit Sigmund. You drain Sigmund.
Sigmund is moderately wounded.
You slash Sigmund!
Sigmund seems to speed up.
Sigmund is heavily wounded.
Sigmund barely misses you.
You hit Sigmund. You freeze Sigmund.
Sigmund is severely wounded.
Sigmund hits you with a +0 scythe. Sigmund hits you with a +0 scythe!
You closely miss Sigmund.
Sigmund is severely wounded.
Sigmund hits you with a +0 scythe!
You are too injured to fight recklessly!
You are too injured to fight recklessly!
You are too injured to fight recklessly!
You are too injured to fight recklessly!
You are too injured to fight recklessly!
You are too injured to fight recklessly!
You are too injured to fight recklessly!
You hit Sigmund. You drain Sigmund.
Sigmund is almost dead.
Sigmund casts a spell at you.
You are confused.
Unknown command.
You closely miss Sigmund.
Sigmund is almost dead.
Sigmund casts a spell at you. You resist with some effort.
Sigmund hits you with a +0 scythe.
Sigmund says, "Look into my eyes."
Sigmund casts a spell at you.
You are more confused.
Sigmund hits you with a +0 scythe!
You die...
Xom howls with laughter!

## ###### .# #....# .#
#....# .# #.@..#
.##############..@.######
..........^..............
#################Z..####.
#... ###...##
#...#####.....#
#............:#
#.............# #
#...........###


You could see Sigmund (fast, very drained, ally target) and a friendly endoplasm
zombie.

Vanquished Creatures
  2 worms (D:2)
  A dart slug (D:1)
  2 endoplasms
  A giant cockroach (D:2)
  4 goblins (D:1)
  2 hobgoblins (D:1)
  5 kobolds (D:1)
  2 quokkas (D:1)
  8 ball pythons
  A bat (D:2)
  5 rats
33 creatures vanquished.

Vanquished Creatures (collateral kills)
  A giant cockroach (D:2)
1 creature vanquished.

Grand Total: 34 creatures vanquished

Notes
Turn   | Place    | Note
-------+----------+-------------------------------------------
     0 | D:1      | dialectric the Demonspawn Chaos Knight began the quest for
                  | the Orb.
     0 | D:1      | Reached XP level 1. HP: 18/18 MP: 1/1
    51 | D:1      | XOM: divination: detect creatures
   193 | D:1      | Gained mutation: You are partially covered in icy blue
                  | scales. (AC +2) [demonic ancestry]
   193 | D:1      | Reached XP level 2. HP: 24/24 MP: 2/2
   202 | D:1      | Found Pitipour's Jewellery Boutique.
   315 | D:1      | XOM: noise
   624 | D:1      | Reached skill level 1 in Dodging
   698 | D:1      | Reached XP level 3. HP: 29/29 MP: 3/3
   809 | D:2      | Found a burning altar of Makhleb.
   813 | D:2      | Identified the +0 leather armour "Myk Hour" {Int+3 Slay+3
                  | SInv}
   916 | D:2      | XOM: divination: magic mapping
  1170 | D:2      | Noticed Sigmund
  1183 | D:2      | Slain by Sigmund

Illustrated notes

Levels and vault maps discovered:
D:1:      onia_arrival_handbag, layout_loops_cross, serial_shops, shop,
          minmay_misc_feat_cross
D:2:      layout_basic, basic_altar, uniq_terence, uniq_sigmund

Skill      XL: |  1  2 |
---------------+-------+-----
Long Blades    | 3 |  3.5
Dodging        | 1 |  1.1
Armour         | 2 |  2.0
Fighting       | |  3.4
Stealth        | |  0.3

Action                     || total
---------------------------++-------
  Melee: Falchion          ||    99
 Armour: Leather armour    ||    44
  Dodge: Dodged            ||    65
